 Dungeon Crawl Stone Soup version 0.25-a0-294-gea9b1ad (webtiles) character file.

Game seed: 9469460879008076632, levelgen mode: deterministic

42 Birdy the Firebug (level 3, 0/33 HPs)
             Began as an Ogre Fire Elementalist on Dec 19, 2019.
             Slain by a gnoll
             ... wielding a +0 spear
              (4 damage)
             ... on level 2 of the Dungeon.
             The game lasted 00:05:32 (1724 turns).

Birdy the Firebug (Ogre Fire Elementalist)          Turns: 1724, Time: 00:05:32

Health: 0/33       AC:  3    Str: 12    XL:     3   Next: 54%
Magic:  10/16      EV: 15    Int: 17    God:
Gold:   39         SH:  0    Dex: 14    Spells: 6/7 levels left

rFire    . . .     SeeInvis .   (no weapon)
rCold    . . .     Gourm    .   (no shield)
rNeg     . . .     Faith    .   a - +0 robe
rPois    .         Spirit   .   (helmet restricted)
rElec    .         Reflect  .   (no cloak)
rCorr    .         Harm     .   (gloves unavailable)
MR       .....                  (boots unavailable)
Stlth    +++.......             (no amulet)
HPRegen  0.11/turn              b - ring of magical power
MPRegen  0.15/turn              (no ring)

@: agile, very slightly contaminated
A: large, unfitting armour, tough skin 1
a: no special abilities


You were on level 2 of the Dungeon.
You were near starving.

You visited 1 branch of the dungeon, and saw 2 of its levels.

You collected 39 gold pieces.

Inventory:

Armour
 a - a +0 robe (worn)
Jewellery
 b - a ring of magical power (left hand)
Scrolls
 d - a scroll of fog {unknown}
 e - a scroll of fear {unknown}
 g - a scroll of magic mapping {unknown}
 h - a scroll of remove curse {unknown}
 i - a scroll of identify {unknown}
 j - a scroll of immolation {unknown}
Comestibles
 c - 3 rations


   Skills:
 + Level 1.2 Fighting
 - Level 2.0 Dodging
 - Level 1.4 Stealth
 + Level 2.7 Spellcasting
 * Level 1.7 Conjurations
 * Level 3.1 Fire Magic


You had 6 spell levels left.
You knew the following spells:

 Your Spells              Type           Power        Failure   Level  Hunger
a - Foxfire               Conj/Fire      ##..         7%          1    #......

Your spell library contained the following spells:

 Spells                   Type           Power        Failure   Level  Hunger
 Conjure Flame            Conj/Fire      ##......     21%         3    ###....
 Inner Flame              Hex/Fire       #.......     28%         3    ###....
 Sticky Flame             Conj/Fire      ##......     54%         4    #####..
 Fireball                 Conj/Fire      ##........   88%         5    ######.


Dungeon Overview and Level Annotations

Branches:
Dungeon (2/15)

Altars:


Innate Abilities, Weirdness & Mutations

You are too large for most types of armour.
You have tough skin. (AC +1)


Message History

A bat comes into view.
Unknown command.
Casting: Foxfire (safe; 7% risk of failure)
Confirm with . or Enter, or press ? or * to list all spells.
You miscast Foxfire.
Your hair stands on end.
The foxfire hits the gnoll.
The gnoll is moderately wounded.
The foxfire hits the jackal.
You kill the jackal!
The adder bites you.
The gnoll hits you with a cursed +0 club!
* * * LOW HITPOINT WARNING * * *
The gnoll hits you from afar with a +0 spear.
* * * LOW HITPOINT WARNING * * *
The gnoll closely misses you. The adder bites you.
* * * LOW HITPOINT WARNING * * *
Okay, then.
It was a potion of agility.
You feel agile all of a sudden.
The gnoll hits you from afar with a +0 spear.
You die...

#......
.......
.......
##..$...
...bS.# #
#..g.
#..##g$#.###.
#....@g......
##....S^.####
##.....##
#.....#
#.....#
#.....#
#.....#
#######


You could see 3 gnolls, 2 adders and a bat.

Vanquished Creatures
  4 dart slugs (D:1)
  3 leopard geckos (D:1)
  4 goblins (D:1)
  A hobgoblin (D:1)
  6 jackals
  3 bats (D:1)
  4 kobolds (D:1)
  5 rats (D:1)
30 creatures vanquished.

Vanquished Creatures (others)
  84 foxfires
84 creatures vanquished.

Grand Total: 114 creatures vanquished

Notes
Turn   | Place    | Note
-------+----------+-------------------------------------------
     0 | D:1      | Birdy the Ogre Fire Elementalist began the quest for the
                  | Orb.
     0 | D:1      | Reached XP level 1. HP: 16/16 MP: 3/3
   288 | D:1      | Reached skill level 1 in Conjurations
   293 | D:1      | Reached XP level 2. HP: 4/24 MP: 5/5
   730 | D:1      | Reached skill level 3 in Fire Magic
   737 | D:1      | Reached skill level 1 in Fighting
   985 | D:1      | Reached XP level 3. HP: 31/33 MP: 6/6
  1724 | D:2      | Slain by a gnoll

Levels and vault maps discovered:
D:1:      giann_wishing_wells, layout_loops_corners
D:2:      layout_loops_cross, nicolae_overflow_crystal_walls

Skill      XL: |  1  2 |
---------------+-------+-----
Dodging        | 2 |  2.0
Conjurations   | 1 |  1.7
Fire Magic     | 3 |  3.1
Fighting       | 1 |  1.2
Stealth        | |  1.4
Spellcasting   | |  2.7

Action                   || total
-------------------------++-------
Melee: Unarmed           ||    26
 Cast: Foxfire           ||    50
  Use: Potion            ||     1
  Eat: Chunk             ||     1
Armor: Robe              ||    26
Dodge: Dodged            ||    43

Table legend:
 A = Non-vault XP
 B = Vault XP
 C = Vault XP percentage of total XP
 D = Non-vault monster count
 E = Vault monster count
 F = Vault count percentage of total count
                 A         B        C        D         E       F
            +---------+---------+-------+---------+---------+-------
      Total |      60 |       0 |   0.0 |      30 |       0 |   0.0
            +---------+---------+-------+---------+---------+-------
        D:1 |      56 |       0 |   0.0 |      28 |       0 |   0.0
        D:2 |       4 |       0 |   0.0 |       2 |       0 |   0.0
            +---------+---------+-------+---------+---------+-------
